 Dungeon Crawl Stone Soup version 0.29.1-1-gd02db6906a (webtiles) character file.

Game seed: 4193660818416778180

4 xian the Shield-Bearer (level 1, -2/10 HPs)
             Began as a Spriggan Wanderer on Sept 24, 2022.
             Frozen to death by an endoplasm (3 damage)
             ... on level 1 of the Dungeon.
             The game lasted 00:00:41 (216 turns).

xian the Shield-Bearer (Spriggan Wanderer)           Turns: 216, Time: 00:00:41

Health: -2/10      AC:  3    Str:  8    XL:     1   Next: 58%
Magic:  0/3        EV: 15    Int: 12    God:
Gold:   21         SH:  8    Dex: 15    Spells: 1/2 levels left

rFire   . . .      SeeInvis +   a - +0 dagger
rCold   . . .      Faith    .   e - +2 buckler
rNeg    . . .      Spirit   .   d - +0 robe
rPois   .          Reflect  .   (helmet restricted)
rElec   .          Harm     .   b - +0 cloak
rCorr   .          Rampage  .   (gloves unavailable)
Will    .....                   (boots unavailable)
Stlth   +.........              (no amulet)
HPRegen 0.03/turn               (no ring)
MPRegen 0.08/turn               (no ring)

@: very quick
A: very small, no large weapons, unfitting armour, see invisible, speed 3
a: no special abilities


You were on level 1 of the Dungeon.
You visited 1 branch of the dungeon, and saw 1 of its levels.

You collected 21 gold pieces.

Inventory:

Hand Weapons
 a - a +0 dagger (weapon)
Armour
 b - a +0 cloak (worn)
 d - a +0 robe (worn)
 e - a +2 buckler (worn)
Scrolls
 c - a scroll of fear
 g - a scroll of summoning {unknown}
 h - a scroll of immolation {unknown}
 i - a scroll of identify {unknown}
 j - a scroll of butterflies {unknown}
Potions
 f - a potion of haste {unknown}


   Skills:
 + Level 1.0 Fighting
 + Level 2.1 Dodging
 + Level 3.1 Shields
 + Level 1.3 Spellcasting
 + Level 1.0 Earth Magic
 + Level 1.0 Invocations


You had one spell level left.
You knew the following spells:

 Your Spells              Type           Power      Damage    Failure   Level
a - Sandblast             Erth           6%         2d5       36%         1

Your spell library contained the following spells:

 Spells                   Type           Power      Damage    Failure   Level
 Stone Arrow              Conj/Erth      4%         3d7       80%         3


Dungeon Overview and Level Annotations

Branches:
Dungeon (1/15)

Altars:


Innate Abilities, Weirdness & Mutations

You are very small and have problems with some larger weapons.
You are too small for most types of armour.
You have supernaturally acute eyesight. (SInv)
You cover ground extremely quickly. (Speed+++)


Message History

You now have 9 gold pieces.
There is a stone staircase leading down here.
Found a stone staircase leading down.
i - a scroll labelled SYARIDWAPLE
j - a scroll labelled KINEUC DUNLAH You now have 21 gold pieces (gained 12).
A quokka comes into view.
An endoplasm and a kobold come into view.
The kobold shouts!
You can't see any susceptible monsters within range! (Use Z to cast anyway.)
The blast of sand hits the kobold but does no damage.
The endoplasm quivers.
The blast of sand hits the kobold.
The kobold is heavily wounded.
You block the kobold's attack.
The blast of sand misses the kobold.
The quokka bites you but does no damage.
The kobold barely misses you. You block the quokka's attack.
You are out of magic!
You hit the kobold.
You kill the kobold!
The endoplasm freezes you.
You are frozen.
Ouch! That really hurt!
You block the quokka's attack. The endoplasm misses you.
The quokka completely misses you.
Things that are here:
a +0 whip; a kobold corpse You barely miss the quokka.
The quokka bites you.
* * * LOW HITPOINT WARNING * * *
The quokka misses you. The endoplasm freezes you.
You are frozen.
* * * LOW HITPOINT WARNING * * *
You hit the quokka.
The quokka is heavily wounded.
You block the quokka's attack. The endoplasm freezes you.
You are frozen.
You die...

#........## #.# #...............
#.............# #...............
#..###.######## #........#######
#...##.# #........# #.
#.#.##.##########........# #.
#.#.##.##.......#........# #.
#......##.......#####.#########>
###.#####.......# .#####.....
#.# #......@# ........... #.#
#.....rJ# ..####..... #.#
#.......# #####. #.# #.......#
#. #.### #######.# #. #...# #.#
###. ###.# #####.## #... #.#
#......##.. ##...
#.#####.##.......$.#..##....


You could see an endoplasm and a quokka.

Vanquished Creatures
  2 bats (D:1)
  A goblin (D:1)
  A kobold (D:1)
4 creatures vanquished.

Notes
Turn   | Place    | Note
-------+----------+-------------------------------------------
     0 | D:1      | xian the Spriggan Wanderer began the quest for the Orb.
     0 | D:1      | xian set off with the following items: a +0 dagger, a +0
                  | cloak, a scroll of fear, a +0 robe, a +2 buckler; and the
                  | following spell memorised: Sandblast; and the following
                  | spells available to memorise: Stone Arrow.
     0 | D:1      | Reached XP level 1. HP: 10/10 MP: 3/3
    16 | D:1      | Reached skill level 3 in Shields
   216 | D:1      | Frozen to death by an endoplasm

Illustrated notes

Levels and vault maps discovered:
D:1:      dpeg_arrival_pond, layout_loops_cross, serial_rivers,
          chequers_serial_rivers_micro_c, chequers_serial_rivers_small_b,
          chequers_serial_rivers_room_a, chequers_serial_rivers_large_b,
          chequers_serial_rivers_marsh, minmay_quantized

Skill      XL: |  1 |
---------------+----+-----
Shields        | 3 |  3.1
Fighting       | |  1.0
Dodging        | |  2.1
Spellcasting   | |  1.3
Earth Magic    | |  1.0
Invocations    | |  1.0

Action                   || total
-------------------------++-------
Melee: Dagger            ||     4
 Cast: Sandblast         ||     7
Armor: Robe              ||     1
Dodge: Dodged            ||     5
Block: Buckler           ||     5
